 Dungeon Crawl Stone Soup version 0.23.2-1-ga50397a (webtiles) character file.

Game seed: 12530229848336892853

777924 Tang the Bringer of Light (level 27, 0/219 HPs)
             Began as a Human Monk on May 18, 2019.
             Was the Champion of the Shining One.
             Slain by an Orb Guardian (1 damage)
             ... on level 5 of the Realm of Zot on May 20, 2019.
             The game lasted 05:03:19 (101881 turns).

Tang the Bringer of Light (Human Monk)            Turns: 101881, Time: 05:03:20

Health: 0/219      AC: 31    Str: 18      XL:     27
Magic:  29/36      EV:  6    Int: 20 (21) God:    the Shining One [******]
Gold:   7828       SH:  0    Dex: 20 (21) Spells: 27/52 levels left

rFire    + + +     SeeInvis .   a - +9 double sword (holy)
rCold    + . .     Gourm    .   M - +5 shield
rNeg     + + +     Faith    .   U - +8 fire dragon scales
rPois    +         Spirit   .   z - +1 helmet of the Beginning {Dex+3}
rElec    +         Reflect  .   k - +2 cloak {rC+}
rCorr    .         Harm     .   u - +0 pair of gloves "Iboav" {Slay+5}
MR       ++++.     Rnd*Rage +   h - +2 pair of boots {Fly} Stlth +.........NoTele +
                                L - necklace of Bloodlust {*Rage +Rage MR++ Int-3 Slay+6 *Curse} (curse)
HPRegen  0.46/turn              g - ring of Zoedutad {-Tele rF+ Int+3 Stlth+}
MPRegen  0.25/turn              w - ring "Zitooru" {rPois rC+ Int+6 Dex-2}

@: divine shield, flying, held, hasted, glowing, constricted, studying
Spellcasting, very quick
A: large bone plates 1, thin metallic scales 1, clever 1, deformed body,
deterioration 1, frail 1, low mp 1, electricity resistance, MP-powered wands
}: 5/15 runes: serpentine, barnacled, slimy, silver, abyssal
a: Divine Shield, Cleansing Flame, Summon Divine Warrior, Renounce Religion,
Evoke Berserk Rage, Stop Flying


You were on level 5 of the Realm of Zot.
You worshipped the Shining One.
The Shining One was exalted by your worship.
You were not hungry.

You visited 13 branches of the dungeon, and saw 59 of its levels.
You visited the Abyss 1 time.
You visited 1 ziggurat, and saw 9 of its levels.
You also visited: Trove, Sewer, Ice Cave and Wizlab.

You collected 8961 gold pieces.
You spent 1133 gold pieces at shops.

Inventory:

Hand Weapons
 a - a +9 double sword of holy wrath (weapon)
 b - a +9 scimitar of flaming
Missiles
 K - 11 javelins of returning
 R - 8 throwing nets
Armour
 h - a +2 pair of boots of flying (worn)
 k - a +2 cloak of cold resistance (worn)
 u - the +0 pair of gloves "Iboav" (worn) {Slay+5}
   (You bought it in a shop on level 4 of the Shoals)

   It affects your accuracy and damage with ranged weapons and melee attacks
   (+5).
 z - the +1 helmet of the Beginning (worn) {Dex+3}
   (You found it on level 3 of the Depths)

   It affects your dexterity (+3).
 M - a +5 shield (worn)
 U - +8 fire dragon scales (worn)
Jewellery
 g - the ring of Zoedutad (left hand) {-Tele rF+ Int+3 Stlth+}
   (You acquired it on level 3 of the Shoals)

   [ring of protection from fire]

   It affects your intelligence (+3).
   It protects you from fire.
   It prevents most forms of teleportation.
   It makes you more stealthy.
 n - the ring of the Sneaky Suns {rCorr Dex+4}
   (You found it in a wizard's laboratory)

   [ring of resist corrosion]

   It affects your dexterity (+4).
 w - the ring "Zitooru" (right hand) {rPois rC+ Int+6 Dex-2}
   (You found it on level 5 of the Pits of Slime)

   [ring of protection from cold]

   It affects your intelligence (+6).
   It affects your dexterity (-2).
   It protects you from cold.
   It protects you from poison.
 L - the cursed necklace of Bloodlust (around neck) {*Rage +Rage MR++ Int-3 Slay+6 *Curse}
   (You took it off a moon troll in a wizard's laboratory)

   [amulet of rage]

   It affects your intelligence (-3).
   It affects your accuracy and damage with ranged weapons and melee attacks
   (+6).
   It affects your resistance to hostile enchantments.
   It lets you go berserk.
   It may make you go berserk in combat.
   It curses itself when equipped.
   It has a curse placed upon it.
 X - the amulet of the Air {Inacc +Fly rElec EV+5 RMsl}
   (You found it on level 3 of the Depths)

   [amulet of inaccuracy]

   It reduces the accuracy of all your attacks.
   It affects your evasion (+5).
   It insulates you from electricity.
   It lets you fly.
   It protects you from missiles.
Wands
 i - a wand of acid (19)
 o - a wand of iceblast (63)
 V - a wand of digging (19)
Scrolls
 d - 5 scrolls of immolation
 e - 26 scrolls of teleportation
 j - 3 scrolls of blinking
 v - 34 scrolls of remove curse
 y - 10 scrolls of identify
 B - 6 scrolls of fear
 E - 4 scrolls of fog
 N - 2 scrolls of enchant armour
 S - 3 scrolls of silence
 T - 3 scrolls of holy word
Potions
 f - 4 potions of cancellation
 m - 13 potions of curing
 r - 6 potions of mutation
 t - 9 potions of agility
 x - 5 potions of might
 C - 7 potions of haste
 D - 5 potions of berserk rage
 H - 8 potions of brilliance
 I - 5 potions of ambrosia
 J - 3 potions of heal wounds
 P - 7 potions of magic
 Y - 3 potions of resistance
Books
 G - a manual of Spellcasting
Miscellaneous
 l - a fan of gales
 p - 7 sacks of spiders
 q - a phial of floods
 A - 2 phantom mirrors
 Q - a lightning rod (4/4)
 Z - a lamp of fire
Comestibles
 c - 73 rations
 s - a chunk of flesh


   Skills:
 + Level 25.8 Fighting
 - Level 16.0 Long Blades
 - Level 15.0 Armour
 - Level 12.0 Dodging
 - Level 2.0 Stealth
 - Level 15.0 Shields
 - Level 13.1 Spellcasting
 - Level 8.0 Hexes
 - Level 16.0 Charms
 - Level 5.0 Translocations
 - Level 16.0 Air Magic
 O Level 27 Invocations
 - Level 3.0 Evocations


You had 27 spell levels left.
You knew the following spells:

 Your Spells              Type           Power        Failure   Level  Hunger
a - Infusion              Chrm           ####         1%          1    None
b - Blink                 Tloc           N/A          2%          2    None
c - Confusing Touch       Hex            #####.       1%          1    None
e - Deflect Missiles      Chrm/Air       ######....   3%          6    #####..
g - Shroud of Golubria    Chrm/Tloc      ######....   1%          2    None
i - Silence               Hex/Air        ######....   2%          5    ####...
p - Passwall              Tmut/Erth      ##......     21%         2    None
s - Swiftness             Chrm/Air       ######..     1%          2    None
w - Spectral Weapon       Hex/Chrm       ######..     1%          3    None
z - Apportation           Tloc           ####..       1%          1    None

Your spell library contained the following spells:

 Spells                   Type           Power        Failure   Level  Hunger
 Corona                   Hex            #####..      1%          1    None
 Shock                    Conj/Air       ####         1%          1    None
 Poisonous Vapours        Pois/Air       #####.       1%          2    None
 Slow                     Hex            #####...     1%          2    None
 Song of Slaying          Chrm           ######..     1%          2    None
 Confuse                  Hex            #####...     1%          3    None
 Ozocubu's Armour         Chrm/Ice       #####...     1%          3    None
 Regeneration             Chrm/Necr      #####.....   1%          3    None
 Tukima's Dance           Hex            #####...     1%          3    None
 Ensorcelled Hibernation  Hex/Ice        ####..       4%          2    None
 Mephitic Cloud           Conj/Pois/Air  ####....     4%          3    None
 Cause Fear               Hex            #####.....   4%          4    None
 Summon Lightning Spire   Summ/Air       #####...     4%          4    None
 Gell's Gravitas          Tloc           ####......   5%          3    None
 Dazzling Spray           Conj/Hex       ####..       8%          3    None
 Inner Flame              Hex/Fire       ####....     8%          3    None
 Summon Guardian Golem    Hex/Summ       ####....     8%          3    None
 Animate Skeleton         Necr           N/A          14%         1    None
 Flame Tongue             Conj/Fire      ##...        14%         1    None
 Freeze                   Ice            ##..         14%         1    None
 Magic Dart               Conj           ##..         14%         1    None
 Pain                     Necr           ##..         14%         1    None
 Sting                    Conj/Pois      ##..         14%         1    None
 Summon Butterflies       Summ           ##......     14%         1    None
 Summon Small Mammal      Summ           ##..         14%         1    None
 Recall                   Summ/Tloc      N/A          14%         3    None
 Excruciating Wounds      Chrm/Necr      #####.....   14%         5    ####...
 Iskenderun's Battlesphe  Conj/Chrm      #####...     14%         5    ####...
 Lightning Bolt           Conj/Air       #####.....   14%         5    ####...
 Passage of Golubria      Tloc           N/A          17%         4    None
 Call Imp                 Summ           ##......     21%         2    None
 Corpse Rot               Necr           N/A          21%         2    None
 Searing Ray              Conj           ##....       21%         2    None
 Sticks to Snakes         Tmut           ##......     21%         2    None
 Sublimation of Blood     Necr           ##........   21%         2    None
 Throw Flame              Conj/Fire      ##....       21%         2    None
 Throw Frost              Conj/Ice       ##....       21%         2    None
 Fulminant Prism          Conj/Hex       ####......   26%         4    None
 Leda's Liquefaction      Hex/Erth       ####......   26%         4    None
 Call Canine Familiar     Summ           ##......     38%         3    None
 Conjure Flame            Conj/Fire      ##......     38%         3    None
 Ignite Poison            Fire/Tmut/Pois ##......     38%         3    None
 Spider Form              Tmut/Pois      ##........   38%         3    None
 Stone Arrow              Conj/Erth      ##....       38%         3    None
 Vampiric Draining        Necr           ##........   38%         3    None
 Force Lance              Conj/Tloc      ###.....     43%         4    None
 Metabolic Englaciation   Hex/Ice        ####......   58%         5    ####...
 Summon Mana Viper        Hex/Summ       ####....     58%         5    ####...
 Yara's Violent Unravell  Hex/Tmut       ####......   58%         5    ####...
 Conjure Ball Lightning   Conj/Air       #####.....   61%         6    #####..
 Darkness                 Hex            #####.....   61%         6    #####..
 Invisibility             Hex            #####...     61%         6    #####..
 Animate Dead             Necr           N/A          80%         4    None
 Ice Form                 Ice/Tmut       ##......     80%         4    None
 Iskenderun's Mystic Bla  Conj           ##......     80%         4    None
 Petrify                  Tmut/Erth      ##......     80%         4    None
 Sticky Flame             Conj/Fire      ##......     80%         4    None
 Summon Ice Beast         Ice/Summ       ##......     80%         4    None
 Throw Icicle             Conj/Ice       ##......     80%         4    None
 Summon Forest            Summ/Tloc      ###.......   80%         5    ####...
 Freezing Cloud           Conj/Ice/Air   ####......   93%         6    #####..
 Agony                    Necr           ##......     98%         5    ####...
 Alistair's Intoxication  Tmut/Pois      ##......     98%         5    ####...
 Aura of Abjuration       Summ           ##........   98%         5    ####...
 Blade Hands              Tmut           ##........   98%         5    ####...
 Bolt of Magma            Conj/Fire/Erth ##........   98%         5    ####...
 Borgnjor's Vile Clutch   Necr/Erth      ##........   98%         5    ####...
 Dispel Undead            Necr           ##......     98%         5    ####...
 Fireball                 Conj/Fire      ##........   98%         5    ####...
 Irradiate                Conj/Tmut      ##........   98%         5    ####...
 Lee's Rapid Deconstruct  Erth           ##........   98%         5    ####...
 Summon Demon             Summ           ##........   98%         5    ####...
 Venom Bolt               Conj/Pois      ##........   98%         5    ####...
 Ring of Flames           Chrm/Fire      #####.....   99%         7    #######
 Bolt of Cold             Conj/Ice       ##........   100%        6    #####..
 Bolt of Fire             Conj/Fire      ##........   100%        6    #####..
 Death Channel            Necr           ##........   100%        6    #####..
 Hydra Form               Tmut           ##........   100%        6    #####..
 Iron Shot                Conj/Erth      ##........   100%        6    #####..
 Ozocubu's Refrigeration  Ice            ##........   100%        6    #####..
 Shadow Creatures         Summ           N/A          100%        6    #####..
 Simulacrum               Ice/Necr       ##........   100%        6    #####..
 Statue Form              Tmut/Erth      ##.......    100%        6    #####..
 Orb of Destruction       Conj           ##........   100%        7    #######
 Spellforged Servitor     Conj/Summ      ##........   100%        7    #######
 Summon Hydra             Summ           ##........   100%        7    #######
 Death's Door             Chrm/Necr      #####.....   100%        8    #######
 Discord                  Hex            #####.....   100%        8    #######
 Disjunction              Tloc           ####......   100%        8    #######


Dungeon Overview and Level Annotations

Branches:
Dungeon (15/15)            Temple (1/1) D:7            Lair (6/6) D:10
 Shoals (4/4) Lair:3        Snake (4/4) Lair:4        Slime (5/5) Lair:6
    Orc (2/2) D:11            Elf (3/3) Orc:2        Vaults (5/5) D:13
  Crypt (3/3) Vaults:3       Tomb (0/3) Crypt:3      Depths (5/5) D:15
   Hell (1/1)                 Dis (0/7) Hell            Geh (0/7) Hell
    Coc (0/7) Hell            Tar (0/7) Hell            Zot (5/5) Depths:5

Altars:
Ashenzari
Cheibriados
Dithmenos
Elyvilon
Fedhas
Gozag
Hepliaklqana
Kikubaaqudgha
Makhleb
Nemelex Xobeh
Qazlal
Ru
Sif Muna
Trog
Uskayaw
Vehumet
Wu Jian
Xom
Yredelemnul
Zin
The Shining One
Lugonu

Shops:
D:5 [   Orc:2 :?[!   Elf:1 (   Shoals:2 (   Shoals:3 (   Shoals:4 [
Snake:3 *[*   Vaults:2 (   Depths:1 **

Portals:
Hell: Depths:1 Depths:2 Depths:3 Depths:4 Depths:5
Abyss: Depths:1 Depths:4
Pandemonium: Orc:2 Depths:3 Depths:5

Annotations:
D:2 1 runed translucent door, Crazy Yiuf
D:3 3 runed translucent doors, sanboga's ghost, amateur GrBe
D:4 Grinder
Snake:1 1 runed translucent door, Morgon's ghost, journeyman DsTm


Innate Abilities, Weirdness & Mutations

You are partially covered in large bone plates. (SH +4)
You are partially covered in thin metallic scales. (AC +2)
Your mind is acute. (Int +2)
Armour fits poorly on your strangely shaped body.
Your body sometimes deteriorates upon taking damage.
You are frail. (-10% HP)
Your magical capacity is low. (-10% MP)
You are resistant to electric shocks. (rElec)
You expend magic power (3 MP) to strengthen your wands.


Message History

The quicksilver dragon is severely wounded.
The golden flame engulfs the Orb Guardian!
The Orb Guardian is lightly wounded.
The golden flame engulfs the Orb Guardian!!!
The Orb Guardian is severely wounded.
The golden flame engulfs the tentacled monstrosity!!!!
The tentacled monstrosity writhes in agony!
The tentacled monstrosity is almost dead.
The golden flame engulfs the ancient lich.
The ancient lich writhes in agony!
The ancient lich is lightly damaged.
The golden flame engulfs the hellion!!!
The hellion writhes in agony!
You kill the hellion!
You feel somewhat more hungry.
You hear a shout!
You hear a roar!
The Orb Guardian completely misses you. The quicksilver dragon bites you.
* * * LOW HITPOINT WARNING * * *
The quicksilver dragon closely misses you.
The Orb Guardian hits you.
You die...

*,,,,,,,,,,,,,,,,,,,,,,,**,,,,,,,
,,.......,,,,,,,,,,,,,,,***,,,,,,
,,.......,,,,,,,,,,,,,,,* *******
*,.......,,,,,,,,,,,,,,**
**.......,,,,,,,,,,,,***
*▓......,,,,,,,,,****
▓▓.....##▓▓▓▓▓▓▓▓▓▓▓#
*#....^.......D.X...^###
**.........^..LX@.##....##
*,......^......X...###...########
,,.............%....###..........
,,.|................# ##.........
,,........^.....^...# #.........
,,..................# ##........
,,..........^.......# #........
,,...........^......# ##........
*,,,,,,,...........## #......(..


You could see a tentacled monstrosity, an ancient lich (invisible), a
quicksilver dragon and 2 Orb Guardians.

Vanquished Creatures
  the Royal Jelly (Slime:5)
  A pandemonium lord (Zig:6)
  An orb of fire (Zot:2)
  3 ancient liches
  Mennas (Depths:5)
  A greater mummy (Crypt:3)
  Boris (Vaults:4)
  Saint Roka (Snake:3)
  4 Killer Klowns
  7 caustic shrikes
  4 curse toes
  Xtahua (Crypt:3)
  Vashnia (Snake:4)
  11 golden dragons
  A caustic shrike (shapeshifter) (Depths:3)
  Geryon (Hell)
  A bone dragon (Depths:5)
  A profane servitor (Crypt:3)
  2 electric golems
  2 hellephants (Zig:8)
  20 tentacled monstrosities
  5 liches
  A Hell Sentinel (Abyss:5)
  A quicksilver dragon (shapeshifter) (Vaults:5)
  7 Orb Guardians (Zot:5)
  4 titans
  3 deep elf blademasters
  4 quicksilver dragons
  A moon troll (WizLab)
  21 acid blobs
  3 deep elf master archers (Elf:3)
  A kraken (Shoals:3)
  9 death cobs
  10 sphinxes
  An Executioner (Abyss:5)
  9 ancient champions
  Frances (Shoals:1)
  9 tentacled starspawn (WizLab)
  A shadow dragon (shapeshifter) (Zig:7)
  A tengu reaver (Depths:4)
  7 shadow dragons
  15 storm dragons
  7 revenants
  2 draconian monks
  10 nagarajas
  6 fire giants
  A blood saint (Zig:6)
  Ilsuiw (Shoals:3)
  Roxanne (Snake:4)
  11 azure jellies
  10 frost giants
  2 ghost moths
  2 balrugs (Hell)
  2 draconian scorchers
  9 vault wardens
  6 draconian knights
  3 iron dragons
  10 deep elf sorcerers
  Aizul (Snake:2)
  6 ghouls
  5 deep elf elementalists (Elf:3)
  3 cacodemons
  2 curse skulls (Crypt:2)
  8 draconian shifters
  4 draconian annihilators
  15 ironheart preservers
  12 war gargoyles
  13 reapers
  8 draconian stormcallers
  15 stone giants
  4 deep elf demonologists
  14 very ugly things
  An entropy weaver (shapeshifter) (Depths:3)
  17 white draconians
  Azrael (Elf:2)
  17 green draconians
  18 black draconians
  12 vampire knights
  Nessos (Lair:6)
  2 dire elephants (Zig:8)
  A minotaur (shapeshifter) (Zig:7)
  19 yellow draconians
  13 red draconians
  19 purple draconians
  2 spark wasps (Depths:1)
  12 ettins
  7 deep elf annihilators
  6 deep elf death magi
  Snorg (Orc:2)
  2 eidola (Crypt:2)
  5 merfolk javelineers
  4 blizzard demons
  A green death (Hell)
  16 crystal guardians
  12 death oozes
  7 merfolk impalers
  22 ogre magi
  14 jiangshi
  2 mummy priests
  11 great orbs of eyes
  4 deep elf high priests
  9 fire dragons
  16 yaktaur captains
  A quicksilver dragon skeleton (Crypt:3)
  24 naga warriors
  2 rakshasas
  An ice dragon (shapeshifter) (Depths:1)
  13 ice dragons
  33 vault guards
  Fannar (D:12)
  A catoblepas (shapeshifter) (Depths:3)
  An alligator snapping turtle (Shoals:3)
  6 anacondas
  The ghost of Heh the Fighter, a journeyman OpFi (D:9)
  4 hydras
  2 spriggan air magi
  7 merfolk avatars
  4 catoblepae
  5 merfolk aquamancers
  41 dancing weapons
  18 death yaks
  68 two-headed ogres
  11 centaur warriors
  13 deep troll shamans
  5 death knights
  2 tengu warriors
  2 satyrs
  11 naga sharpshooters
  6 deep troll earth magi
  8 vampire magi
  A thrashing horror (Abyss:5)
  5 orc high priests
  2 spriggan berserkers (Depths:2)
  Urug (Lair:1)
  10 hell knights
  7 shock serpents
  6 soul eaters
  6 sun demons (Hell)
  An iron golem (Hell)
  A titan skeleton (Crypt:3)
  24 deep elf knights
  2 sixfirhies
  2 wretched stars (WizLab)
  6 shadow wraiths
  18 sea snakes
  21 skeletal warriors
  An unseen horror (shapeshifter) (D:13)
  A gelid demonspawn (Orc:2)
  4 salamander mystics
  An orange crystal statue (WizLab)
  6 wizards (Depths:4)
  5 flayed ghosts
  An infernal demonspawn (Orc:2)
  25 deep trolls
  A sea snake (shapeshifter) (Depths:3)
  An unseen horror (D:15)
  A spatial maelstrom (Abyss:5)
  6 iron trolls
  9 naga ritualists
  17 deep elf archers
  2 torturous demonspawn (Orc:2)
  5 obsidian statues
  8 phantasmal warriors
  11 glowing orange brains
  2 shadow dragon zombies
  An anaconda zombie (Hell)
  Pikel (D:7)
  22 ironbrand convokers
  16 orc knights
  21 harpies
  75 deep elf magi
  3 oklob plants (Lair:6)
  9 necromancers
  8 mana vipers
  A wolf spider zombie (D:14)
  A mana viper (shapeshifter) (Depths:3)
  6 shining eyes
  2 anaconda skeletons (Hell)
  A faun (shapeshifter) (Depths:3)
  11 orc sorcerers
  A tengu skeleton (Depths:1)
  51 ugly things
  7 wolf spiders
  A faun (Shoals:1)
  2 salamanders (shapeshifter)
  7 cyclopes
  12 manticores
  17 salamanders
  A moth of wrath (shapeshifter) (Vaults:5)
  A draconian (Abyss:5)
  A shadow dragon skeleton (Crypt:1)
  A guardian serpent (shapeshifter) (Vaults:3)
  A human skeleton (Vaults:1)
  4 rust devils
  28 moths of wrath
  6 elephants
  A stone giant skeleton (Crypt:2)
  4 water nymphs
  5 merfolk sirens
  16 vault sentinels
  A fire giant skeleton (Crypt:2)
  2 apocalypse crabs (Zig:7)
  10 guardian serpents
  34 black mambas
  14 naga magi
  An alligator snapping turtle zombie (Crypt:1)
  A water nymph (shapeshifter) (Zig:7)
  4 ice statues
  A frost giant skeleton (Depths:1)
  8 spiny frogs
  A centaur skeleton (D:13)
  A gargoyle (D:12)
  11 eyes of devastation
  A spiny frog (shapeshifter) (Depths:3)
  A torpor snail (Lair:3)
  3 molten gargoyles (Depths:3)
  2 smoke demons
  2 orange demons
  2 hellions
  A catoblepas zombie (Crypt:2)
  A grey draconian zombie (Crypt:2)
  A kobold demonologist (D:13)
  5 spectral swamp worms (Depths:5)
  65 yaktaurs
  A black draconian zombie (Crypt:3)
  An efreet (D:14)
  17 freezing wraiths
  A komodo dragon (shapeshifter) (D:15)
  2 demonic crawlers
  An anaconda simulacrum (Crypt:3)
  An entropy weaver simulacrum (Vaults:2)
  2 komodo dragons
  10 ice devils
  A tengu conjurer (Depths:2)
  An iron troll zombie (Crypt:2)
  7 guardian mummies (Crypt:3)
  5 hellwings
  8 trolls
  An ancient zyme (Abyss:5)
  2 hydra zombies (Hell)
  25 merfolk
  A meliai (shapeshifter) (Vaults:3)
  A black draconian skeleton (Crypt:1)
  8 red devils
  5 hornets
  4 polar bears (Lair:4)
  9 blink frogs
  4 bog bodies (Crypt:3)
  A hornet (shapeshifter) (Vaults:3)
  A red draconian skeleton (Crypt:2)
  9 wind drakes
  6 raiju (Depths:3)
  33 slime creatures
  2 hydra skeletons
  8 snapping turtles
  4 dream sheep (Shoals:1)
  12 hippogriffs
  An ettin zombie (Vaults:1)
  A stone giant simulacrum (Vaults:2)
  Sigmund (D:5)
  A frost giant simulacrum (Vaults:1)
  A guardian serpent skeleton (Crypt:1)
  8 air elementals
  2 shadows
  A dire elephant simulacrum (Crypt:3)
  6 flying skulls (Crypt:1)
  A ynoxinul (Orc:2)
  2 yaks (shapeshifter)
  A tarantella (shapeshifter) (Vaults:4)
  25 water elementals
  2 ice dragon skeletons
  4 vampires (Crypt:3)
  A tyrant leech zombie (Crypt:1)
  5 wraiths
  49 yaks
  4 wyverns
  A basilisk (shapeshifter) (Depths:1)
  2 chaos spawn
  Eustachio (D:5)
  A death yak simulacrum (IceCv)
  18 fire elementals
  12 golden eyes
  A human (shapeshifter) (Depths:3)
  2 vampire mosquitoes (D:12)
  3 basilisks
  A hungry ghost (D:12)
  A large abomination (Abyss:5)
  2 neqoxecs
  2 small abominations
  3 wargs
  A human simulacrum (Vaults:1)
  3 deep troll zombies
  An insubstantial wisp (Depths:3)
  A water moccasin (shapeshifter) (Depths:1)
  67 nagas
  A hydra simulacrum (Hell)
  7 acid dragons
  13 hell hounds
  2 spiny frog zombies
  10 water moccasins
  11 porcupines
  19 ice beasts
  45 orc warriors
  3 sky beasts
  A black bear (shapeshifter) (Vaults:5)
  3 black bears
  8 eyes of draining
  Purgy (Sewer)
  4 necrophages
  An ice dragon simulacrum (Crypt:3)
  A spiny frog skeleton (Crypt:3)
  13 starcursed masses
  An alligator simulacrum (IceCv)
  4 wolves (Lair:6)
  3 phantoms
  16 centaurs
  A boggart (shapeshifter) (Vaults:5)
  7 boggarts
  A hog zombie (Crypt:1)
  52 ogres
  A blink frog skeleton (Crypt:3)
  A dream sheep skeleton (Crypt:1)
  A manticore skeleton (Crypt:3)
  19 crocodiles
  A fire crab zombie (Crypt:1)
  A rime drake zombie (Crypt:3)
  4 big kobolds
  13 bullfrogs
  A bullfrog (shapeshifter) (Depths:3)
  7 earth elementals
  A wyvern zombie (D:10)
  A draconian skeleton (Crypt:3)
  An elephant simulacrum (IceCv)
  7 killer bees
  5 scorpions
  A warg zombie (Crypt:2)
  A manticore simulacrum (Crypt:3)
  29 wights
  2 electric eels
  A howler monkey (shapeshifter) (Vaults:5)
  7 howler monkeys
  A spriggan skeleton (Crypt:3)
  10 crimson imps
  4 bullfrog zombies
  2 draconian simulacra (IceCv)
  6 hounds
  9 jellies
  6 centaur zombies
  A gnoll shaman (D:7)
  33 orc priests
  3 bullfrog skeletons
  26 orc wizards
  2 iron imps (Hell)
  Jessica (D:2)
  Terence (D:2)
  7 hell rats (Hell)
  4 iguanas
  13 worker ants
  6 troll simulacra (IceCv)
  A polar bear simulacrum (IceCv)
  A porcupine skeleton (Crypt:3)
  6 centaur simulacra (IceCv)
  A demigod skeleton (Crypt:3)
  A hound zombie (D:10)
  4 hound skeletons
  3 mummies
  7 gnolls
  A howler monkey skeleton (Crypt:3)
  An ogre simulacrum (IceCv)
  8 adders
  5 naga simulacra (IceCv)
  5 shadow imps
  12 white imps (IceCv)
  An iguana zombie (Crypt:1)
  A lava snake zombie (Crypt:2)
  An ooze (D:5)
  2 adder skeletons
  2 worms
  2 ball lightnings (Depths:3)
  2 dart slugs
  4 leopard geckos
  87 orcs
  A bat skeleton (Crypt:2)
  5 giant cockroaches
  5 goblins
  10 hobgoblins
  3 jackals
  9 quokkas
  A ball python (D:1)
  9 bats
  4 frilled lizards
  A giant cockroach zombie (D:5)
  31 kobolds
  2 leopard gecko skeletons
  4 rats
  10 starspawn tentacles (WizLab)
  4 tentacles (Shoals:3)
2834 creatures vanquished.

Vanquished Creatures (collateral kills)
  Asterion (Snake:4)
  A tentacled starspawn (Abyss:5)
  A deep elf annihilator (Elf:3)
  A two-headed ogre (Vaults:5)
  A sea snake (Shoals:3)
  2 starcursed masses (Abyss:5)
  A phantasmal warrior (Vaults:5)
  An apocalypse crab (Abyss:5)
  3 hell hounds (Abyss:5)
  An ogre (Vaults:5)
13 creatures vanquished.

Vanquished Creatures (others)
  A tentacled monstrosity (Zot:3)
  A dancing weapon (Depths:3)
  A deep elf knight (Vaults:4)
  A molten gargoyle (Depths:3)
  A yaktaur (Vaults:3)
  A raiju (Depths:3)
  A water elemental (Depths:3)
  An orc warrior (Vaults:1)
  An orc priest (Orc:1)
  An iron imp (Hell)
  9 ball lightnings
  2 demonic plants (WizLab)
  2 fungi
  A lurking horror (Abyss:5)
  39 plants
  123 spectral weapons
  28 starspawn tentacles
  3 tentacles (Shoals:3)
217 creatures vanquished.

Grand Total: 3064 creatures vanquished

Notes
Turn   | Place    | Note
-------+----------+-------------------------------------------
     0 | D:1      | Tang the Human Monk began the quest for the Orb.
     0 | D:1      | Reached XP level 1. HP: 18/18 MP: 1/1
   297 | D:1      | Reached XP level 2. HP: 24/24 MP: 2/2
   977 | D:1      | Reached skill level 1 in Armour
   985 | D:1      | Reached XP level 3. HP: 29/29 MP: 3/3
  1328 | D:2      | Noticed Terence
  1424 | D:2      | Found a runed translucent door.
  1425 | D:2      | Noticed Crazy Yiuf
  1470 | D:2      | Found a burning altar of Makhleb.
  1481 | D:2      | Noticed Jessica
  1567 | D:1      | Reached XP level 4. HP: 16/36 MP: 4/4
  2360 | D:2      | Killed Jessica
  2360 | D:2      | Reached XP level 5. HP: 42/42 MP: 5/5
  2421 | D:2      | Noticed a black bear
  3019 | D:1      | Reached XP level 6. HP: 31/48 MP: 6/6
  3384 | D:2      | Found a hide-covered altar of Uskayaw.
  3530 | D:2      | Killed Terence
  3767 | D:3      | Found a runed translucent gate.
  3767 | D:3      | Found a runed translucent gate.
  3786 | D:3      | Noticed sanboga's ghost (amateur GrBe)
  4256 | D:3      | Found a runed translucent gate.
  4317 | D:3      | Reached skill level 5 in Long Blades
  4317 | D:3      | Reached skill level 1 in Evocations
  4920 | D:4      | Noticed a phantom
  4957 | D:4      | Reached XP level 7. HP: 23/54 MP: 7/7
  5394 | D:4      | Noticed Grinder
  6137 | D:5      | Entered Level 5 of the Dungeon
  6219 | D:5      | Found March's Armour Emporium.
  6535 | D:5      | Found a glowing drain.
  6568 | D:5      | Reached XP level 8. HP: 37/61 MP: 9/9
  6579 | Sewer    | Entered a sewer
  6719 | Sewer    | Noticed Purgy
  6728 | Sewer    | Killed Purgy
  6893 | D:5      | Noticed Sigmund
  6906 | D:5      | Killed Sigmund
  7021 | D:5      | Reached skill level 5 in Fighting
  7234 | D:5      | Noticed Eustachio
  7266 | D:5      | Killed Eustachio
  7266 | D:5      | Reached XP level 9. HP: 64/68 MP: 11/11
  8389 | D:7      | Noticed a hippogriff
  8690 | D:7      | Found a staircase to the Ecumenical Temple.
  8707 | Temple   | Entered the Ecumenical Temple
  8786 | Temple   | Became a worshipper of the Shining One
  8786 | Temple   | Reached * piety under the Shining One
  8786 | Temple   | Reached ** piety under the Shining One
  8809 | D:7      | Noticed Pikel
  8815 | D:7      | Killed Pikel
  8815 | D:7      | Reached skill level 10 in Long Blades
  8914 | D:7      | Reached skill level 1 in Invocations
  9064 | D:7      | Reached XP level 10. HP: 50/77 MP: 12/12
  9475 | D:8      | Reached skill level 2 in Invocations
  9537 | D:8      | Found an opulent altar of Gozag.
  9537 | D:8      | Found a shimmering altar of Xom.
  9538 | D:8      | Found a white marble altar of Elyvilon.
  9591 | D:8      | Reached *** piety under the Shining One
  9657 | D:8      | Reached skill level 3 in Invocations
  9908 | D:8      | Reached skill level 5 in Armour
 10348 | D:9      | Found a runed translucent door.
 10349 | D:9      | Found the +10 Black Knight's horse barding {ponderous,
                  | rPois rN+}
 10350 | D:9      | Noticed a deep elf archer
 10350 | D:9      | Noticed Heh's ghost (journeyman OpFi)
 10566 | D:9      | Reached skill level 1 in Shields
 10773 | D:9      | Found a hazy altar of Hepliaklqana.
 10980 | D:9      | Reached skill level 4 in Invocations
 11090 | D:10     | Entered Level 10 of the Dungeon
 11125 | D:10     | Found a portal to a secret trove of treasure.
 11135 | D:10     | Noticed a purple ugly thing
 11170 | D:10     | Killed a purple ugly thing
 11170 | D:10     | Reached XP level 11. HP: 56/84 MP: 14/14
 11428 | D:10     | Found a staircase to the Lair.
 11569 | D:10     | Reached **** piety under the Shining One
 11753 | D:10     | Reached skill level 5 in Invocations
 12110 | Lair:1   | Entered Level 1 of the Lair of Beasts
 12356 | Lair:1   | Noticed Urug
 12376 | Lair:1   | Killed Urug
 13427 | Lair:2   | Reached XP level 12. HP: 92/94 MP: 16/16
 13516 | Lair:2   | Reached skill level 6 in Invocations
 13575 | Lair:2   | Reached skill level 5 in Shields
 13767 | Lair:2   | Identified the Compendium of the Assistive Compass
 14218 | Lair:3   | Noticed a death yak
 14324 | Lair:3   | Noticed a death yak
 14438 | Lair:3   | HP: 3/94 [yak[a torpor snail] (12)]
 14977 | Lair:3   | Noticed a death yak
 14978 | Lair:3   | Noticed a death yak
 15003 | Lair:3   | Noticed a death yak
 15005 | Lair:3   | Noticed a death yak
 15010 | Lair:3   | Noticed a death yak
 15013 | Lair:3   | Killed a death yak
 15142 | Lair:1   | Killed a death yak
 15462 | Lair:2   | Killed a death yak
 15594 | Lair:3   | Killed a death yak
 15594 | Lair:3   | Reached skill level 7 in Invocations
 15697 | Lair:3   | Noticed a death yak
 15724 | Lair:2   | Killed a death yak
 15798 | Lair:2   | Killed a death yak
 15891 | Lair:3   | Killed a death yak
 15891 | Lair:3   | Reached XP level 13. HP: 22/101 MP: 18/18
 16309 | Lair:3   | Found a staircase to the Shoals.
 17708 | Lair:4   | Found a staircase to the Snake Pit.
 18141 | Lair:4   | Reached skill level 8 in Invocations
 18176 | Lair:4   | Reached skill level 10 in Fighting
 18484 | Lair:4   | Noticed a six-headed hydra
 18503 | Lair:4   | Killed a six-headed hydra
 20824 | Lair:6   | Entered Level 6 of the Lair of Beasts
 20981 | Lair:6   | Reached ***** piety under the Shining One
 21315 | Lair:6   | Reached XP level 14. HP: 91/111 MP: 20/20
 21531 | Lair:6   | Noticed Nessos
 21547 | Lair:6   | Killed Nessos
 21786 | Lair:6   | Reached skill level 9 in Invocations
 22072 | Lair:6   | Found a staircase to the Slime Pits.
 23325 | Lair:6   | Reached skill level 10 in Shields
 23788 | Lair:6   | Identified the cursed +0 ring mail of the Arcane {Str+4}
                  | (You found it on level 6 of the Lair of Beasts)
 24123 | D:11     | Reached skill level 5 in Dodging
 24132 | D:11     | Found a frozen archway.
 24164 | IceCv    | Entered an ice cave
 25553 | IceCv    | Reached ****** piety under the Shining One
 25693 | IceCv    | Found an ancient bone altar of Kikubaaqudgha.
 26611 | D:11     | Found a staircase to the Orcish Mines.
 26872 | D:11     | Reached skill level 10 in Invocations
 26882 | D:11     | Reached XP level 15. HP: 87/120 MP: 22/22
 27391 | D:9      | Killed Heh's ghost
 27413 | D:9      | Identified a +3 double sword of holy wrath (a +1 double
                  | sword of draining blessed by the Shining One)
 27413 | D:9      | Received a gift from the Shining One
 27512 | Orc:1    | Entered Level 1 of the Orcish Mines
 29050 | Orc:2    | Entered Level 2 of the Orcish Mines
 29059 | Orc:2    | Noticed Snorg
 29074 | Orc:2    | Killed Snorg
 29531 | Orc:2    | Found Addaoleune's Magic Scroll Shoppe.
 29539 | Orc:2    | Found Pappamos's Distillery.
 30644 | Orc:2    | Found Arot Ece's Antique Armour Boutique.
 30644 | Orc:2    | Found Liuq's Book Shop.
 30644 | Orc:2    | Found a one-way gate leading to the halls of Pandemonium.
 30869 | Orc:2    | Found a staircase to the Elven Halls.
 31383 | Orc:2    | Bought a scroll of enchant armour for 105 gold pieces
 31384 | Orc:2    | Bought a scroll of teleportation for 42 gold pieces
 31384 | Orc:2    | Bought 2 scrolls of identify for 56 gold pieces
 31384 | Orc:2    | Bought a scroll of identify for 28 gold pieces
 31384 | Orc:2    | Bought a scroll of identify for 28 gold pieces
 31706 | D:12     | Found the +27 Lear's hauberk
 31879 | D:12     | Reached XP level 16. HP: 131/131 MP: 23/23
 32466 | D:12     | Noticed Fannar
 32489 | D:12     | Killed Fannar
 32877 | D:13     | You fall through a shaft!
 33415 | D:13     | Found a gate to the Vaults.
 33441 | D:13     | Reached skill level 10 in Armour
 34406 | D:15     | Entered Level 15 of the Dungeon
 35537 | D:15     | Found a staircase to the Depths.
 36453 | Shoals:1 | Entered Level 1 of the Shoals
 36521 | Shoals:1 | Noticed Frances
 36553 | Shoals:1 | Killed Frances
 36553 | Shoals:1 | Reached skill level 11 in Invocations
 36724 | Shoals:1 | Reached XP level 17. HP: 133/140 MP: 22/25
 38188 | Shoals:2 | Reached skill level 15 in Fighting
 38730 | Shoals:2 | Found Sysebe's Antique Weapon Shop.
 38756 | Shoals:2 | Learned a level 6 spell: Deflect Missiles
 38762 | Shoals:2 | Learned a level 5 spell: Silence
 38883 | Shoals:2 | Learned a level 3 spell: Spectral Weapon
 38886 | Shoals:2 | Learned a level 2 spell: Shroud of Golubria
 39603 | Shoals:3 | Noticed Ilsuiw
 39636 | Shoals:3 | Killed Ilsuiw
 40074 | Shoals:3 | Noticed a kraken
 40088 | Shoals:3 | Killed a kraken
 41189 | Shoals:3 | Found Apnoumpix's Weapon Boutique.
 41239 | Shoals:3 | HP: 6/142 [alligator snapping turtle (31)]
 41813 | Shoals:3 | Identified a scroll of acquirement
 41816 | Shoals:3 | Got a sparkling bone ring
 41819 | Shoals:4 | Entered Level 4 of the Shoals
 41978 | Shoals:4 | Found Yrremn's Antique Armour Emporium.
 42057 | Shoals:3 | Reached skill level 12 in Invocations
 42326 | Shoals:4 | Bought a pair of encrusted gloves for 389 gold pieces
 42704 | D:2      | Identified the +0 pair of gloves "Iboav" {Slay+5} (You
                  | bought it in a shop on level 4 of the Shoals)
 43484 | Shoals:4 | Reached XP level 18. HP: 117/151 MP: 20/27
 43518 | Shoals:4 | HP: 7/151 [poisoned by a merfolk javelineer]
 43522 | Shoals:4 | HP: 1/151 [snapping turtle (10)]
 44560 | Shoals:4 | Identified the +5 leather armour of Action {MR+ Int+6}
 44990 | Shoals:4 | Reached skill level 15 in Shields
 45403 | Shoals:4 | Identified the ring of Zoedutad {-Tele rF+ Int+3 Stlth+}
                  | (You acquired it on level 3 of the Shoals)
 45504 | Shoals:4 | Got a barnacled rune of Zot
 45928 | Snake:1  | Entered Level 1 of the Snake Pit
 46009 | Snake:1  | Reached skill level 1 in Charms
 46017 | Snake:1  | Reached skill level 1 in Spellcasting
 46707 | Snake:1  | Found a runed translucent door.
 46707 | Snake:1  | Noticed Morgon's ghost (journeyman DsTm)
 47449 | D:10     | You paid a toll of 13 scrolls of teleportation to enter a
                  | treasure trove
 47450 | Trove    | Entered a treasure trove
 47749 | Snake:2  | Noticed Aizul
 47761 | Snake:2  | Killed Aizul
 47973 | Snake:2  | Learned a level 1 spell: Infusion
 47976 | Snake:2  | Learned a level 2 spell: Swiftness
 49548 | Snake:2  | Reached XP level 19. HP: 138/157 MP: 24/28
 49819 | Snake:3  | Reached skill level 1 in Air Magic
 50370 | Snake:3  | Reached skill level 10 in Dodging
 50442 | Snake:3  | Found Haucw's General Store.
 50442 | Snake:3  | Found Maliakhle's Armour Shop.
 50465 | Snake:3  | Found Noinaja's Assorted Antiques.
 50572 | Snake:3  | Bought a scroll of teleportation for 105 gold pieces
 51191 | Snake:4  | Entered Level 4 of the Snake Pit
 51332 | Snake:4  | Reached skill level 5 in Spellcasting
 51358 | Snake:4  | Noticed Asterion
 51502 | Snake:4  | Killed Asterion
 51509 | Snake:4  | Identified Roxanne's Reference Book on Transmutation
 51509 | Snake:4  | Noticed Roxanne
 51653 | Snake:4  | Noticed Saint Roka
 51695 | Snake:3  | Killed Saint Roka
 52382 | Snake:4  | Noticed Vashnia
 53114 | Snake:4  | Killed Vashnia
 53956 | Snake:4  | Reached skill level 5 in Air Magic
 54371 | Snake:4  | Reached XP level 20. HP: 164/166 MP: 29/29
 54932 | Snake:4  | Killed Roxanne
 55702 | Snake:4  | Reached skill level 5 in Charms
 56624 | Snake:4  | Got a serpentine rune of Zot
 56990 | Vaults:1 | Entered Level 1 of the Vaults
 57444 | Vaults:1 | Paralysed by a hornet for 3 turns
 57767 | Vaults:1 | Reached skill level 1 in Hexes
 58161 | Vaults:1 | Reached XP level 21. HP: 168/177 MP: 30/30
 59418 | Vaults:2 | Found Muyddum's Antique Weapon Shop.
 60191 | Vaults:2 | Learned a level 1 spell: Apportation
 61554 | Vaults:3 | Reached skill level 5 in Hexes
 61635 | Vaults:3 | Found a staircase to the Crypt.
 61635 | Vaults:3 | Found an ancient bone altar of Kikubaaqudgha.
 62039 | Vaults:3 | Found a basalt altar of Yredelemnul.
 62152 | Vaults:3 | Reached XP level 22. HP: 173/189 MP: 27/31
 63513 | Vaults:4 | Reached XP level 23. HP: 197/197 MP: 31/33
 64034 | Vaults:4 | Identified the +7 dagger of Vumiliz {pierce, Int+4}
 64577 | Vaults:4 | Identified the +1 scale mail "Ruweh" {MP+9} (You found it
                  | on level 4 of the Vaults)
 65007 | Elf:1    | Entered Level 1 of the Elven Halls
 65212 | Elf:1    | Found Baisibb's Weapon Shop.
 65614 | Elf:1    | Identified the Handbook of Attacks
 65731 | Elf:1    | Reached XP level 24. HP: 200/208 MP: 35/35
 66859 | Elf:2    | Found a runed translucent gate.
 66859 | Elf:2    | Found a runed translucent gate.
 66860 | Elf:2    | Found a runed translucent gate.
 66952 | Elf:2    | Noticed Azrael
 66970 | Elf:2    | Killed Azrael
 67207 | Elf:2    | Reached skill level 13 in Invocations
 68271 | Crypt:1  | Entered Level 1 of the Crypt
 69417 | Crypt:2  | Reached skill level 15 in Long Blades
 69953 | Crypt:3  | Entered Level 3 of the Crypt
 70289 | Crypt:3  | Noticed Xtahua
 70303 | Crypt:3  | Killed Xtahua
 70303 | Crypt:3  | Reached XP level 25. HP: 197/215 MP: 25/35
 70612 | Crypt:3  | Found a staircase to the Tomb.
 70701 | Crypt:3  | Reached skill level 14 in Invocations
 70813 | Crypt:3  | Noticed a greater mummy
 70818 | Crypt:3  | Killed a greater mummy
 70826 | Crypt:3  | Found a basalt altar of Yredelemnul.
 70829 | Crypt:3  | Found an ancient bone altar of Kikubaaqudgha.
 70870 | Crypt:3  | Identified the +5 scale mail of Terror {rF+} (You found it
                  | on level 3 of the Crypt)
 70877 | Crypt:3  | Identified the Incunabulum of Evil Rites
 70882 | Crypt:3  | Learned a level 2 spell: Passwall
 71338 | Depths:1 | Entered Level 1 of the Depths
 71543 | Depths:1 | Reached skill level 15 in Invocations
 71768 | Depths:1 | Found Wiruwar's Changing Room.
 71777 | Depths:1 | Found a gateway to Hell.
 71838 | Depths:1 | Found a gateway to a ziggurat.
 71984 | Depths:1 | Found Esuluc's Eclectic Emporium.
 72337 | Depths:1 | Identified the +8 quarterstaff "Ufiy" {holy, rC+}
 72378 | Depths:1 | Found the +12 Vampire's Tooth {vamp}
 72642 | Depths:1 | Found a corrupted altar of Lugonu.
 72665 | Depths:1 | Found a one-way gate to the infinite horrors of the Abyss.
 72950 | Depths:1 | Reached skill level 10 in Charms
 73639 | Depths:2 | Found a blossoming altar of Fedhas.
 73676 | Depths:2 | Reached XP level 26. HP: 217/217 MP: 34/35
 73801 | Depths:2 | Reached skill level 10 in Air Magic
 73903 | Depths:2 | Identified the ring "Leewkumn" {rPois rN+ Str-4 Int+4} (You
                  | found it on level 2 of the Depths)
 75108 | Depths:3 | Reached skill level 16 in Invocations
 75167 | Depths:3 | Reached skill level 15 in Armour
 75728 | Depths:3 | Reached skill level 10 in Spellcasting
 76161 | Depths:3 | Reached skill level 1 in Translocations
 76627 | Depths:3 | Identified Oxorr's Almanac of Floating Moulding
 76998 | Depths:3 | Got a bloodstained plate armour
 76999 | Depths:3 | Identified the +8 plate armour of True Grit {Int+4} (You
                  | found it on level 3 of the Depths)
 77036 | Depths:3 | Got a twisted helmet
 77037 | Depths:3 | Identified the +1 helmet of the Beginning {Dex+3} (You
                  | found it on level 3 of the Depths)
 77112 | Depths:3 | Identified the cursed +1 ring mail "Nobb" {MR+} (You found
                  | it on level 3 of the Depths)
 77126 | Depths:3 | Found the amulet of the Air {Inacc +Fly rElec EV+5 RMsl}
 77666 | Depths:3 | Learned a level 2 spell: Blink
 78047 | Depths:4 | Reached skill level 5 in Translocations
 78535 | Depths:4 | Reached XP level 27. HP: 224/224 MP: 37/37
 78573 | Depths:4 | Noticed an ancient lich
 78587 | Depths:4 | Cast into level 5 of the Abyss (an ancient lich)
 78587 | Abyss:5  | Entered Level 5 of the Abyss
 78587 | Abyss:5  | Entered Level 5 of the Abyss
 78697 | Abyss:5  | Found a transporter.
 78795 | Abyss:5  | Paralysed by you for 3 turns
 78810 | Abyss:5  | Found a transporter.
 78817 | Abyss:5  | Found a transporter.
 78818 | Abyss:5  | Got an abyssal rune of Zot
 78844 | Depths:4 | Escaped the Abyss
 78852 | Depths:4 | Killed an ancient lich
 79187 | Depths:4 | Identified the ring of Duhar {Fire *Slow rPois MR+ Str+4}
 79321 | Depths:4 | Identified Palyc's Compendium of Excruciating Transmutation
 79324 | Depths:4 | Identified the Almanac of Bewitchment and Augmentations
 79478 | Depths:5 | Entered Level 5 of the Depths
 79878 | Depths:5 | Learned a level 1 spell: Confusing Touch
 79921 | Depths:5 | Noticed Mennas
 79943 | Depths:5 | Killed Mennas
 80508 | Depths:5 | Reached skill level 15 in Charms
 80876 | Depths:5 | Found a gate to the Realm of Zot.
 82105 | Elf:3    | Entered Level 3 of the Elven Halls
 82158 | Elf:3    | Found a magical portal.
 82163 | WizLab   | Entered Lehudib's Moon Base
 82593 | WizLab   | Found the +12 glaive of Prune {chop}
 82673 | WizLab   | Paralysed by accursed screaming for 1 turns
 82914 | WizLab   | Got a transparent golden ring
 82915 | WizLab   | Identified the ring "Yczeluh" {Fire Dex+2} (You found it in
                  | a wizard's laboratory)
 83322 | WizLab   | Found a transporter.
 83420 | WizLab   | Gained mutation: You are weak. (Str -2) [a neqoxec]
 83426 | WizLab   | Found a transporter.
 84090 | WizLab   | Identified the ring of the Sneaky Suns {rCorr Dex+4} (You
                  | found it in a wizard's laboratory)
 85292 | Elf:3    | Identified the cursed +0 chain mail "Yseigy" {rPois rC-
                  | rCorr}
 85380 | Elf:3    | Identified the +3 plate armour "Rotuluweo" {rF+ rN+}
 85779 | Elf:3    | Reached skill level 15 in Air Magic
 85881 | Elf:3    | Identified the Handbook of Mutagenic Earth
 85884 | Elf:3    | Identified the cursed +0 scale mail of the Disturbing
                  | Realms {Int+3 Stlth+} (You found it on level 3 of the Elven
                  | Halls)
 86382 | Vaults:5 | Entered Level 5 of the Vaults
 86614 | Vaults:5 | Noticed Boris
 86894 | Vaults:4 | Killed Boris
 87655 | Vaults:5 | Identified the +8 battleaxe of Erogaz {venom, *Rage *Drain
                  | rPois Str+7}
 88145 | Vaults:5 | Identified the amulet "Xeiri Istre" {Spirit rC+ rN+ Str+2
                  | Int-5}
 89232 | Vaults:5 | Identified the cursed +1 scale mail "Tehuwuhirgh" {*Corrode
                  | rElec Dex+3} (You found it on level 5 of the Vaults)
 89337 | Vaults:5 | Noticed an ancient lich
 89341 | Vaults:5 | Killed an ancient lich
 89517 | Vaults:5 | Reached skill level 17 in Invocations
 90243 | Vaults:5 | Got a silver rune of Zot
 90910 | Orc:2    | Bought a potion of heal wounds for 55 gold pieces
 90910 | Orc:2    | Bought a potion of haste for 110 gold pieces
 90910 | Orc:2    | Bought a potion of curing for 33 gold pieces
 90910 | Orc:2    | Bought 2 potions of curing for 66 gold pieces
 90910 | Orc:2    | Bought a potion of agility for 44 gold pieces
 90910 | Orc:2    | Bought a potion of might for 44 gold pieces
 90912 | Orc:2    | Bought a scroll of fog for 28 gold pieces
 91202 | Slime:1  | Entered Level 1 of the Pits of Slime
 91224 | Slime:1  | Reached skill level 18 in Invocations
 91414 | Slime:4  | Lost mutation: You are weak. (Str -2) [a shining eye]
 91418 | Slime:4  | Gained mutation: Your body sometimes deteriorates upon
                  | taking damage. [a shining eye]
 91424 | Slime:5  | Entered Level 5 of the Pits of Slime
 91589 | Slime:5  | Noticed the Royal Jelly
 91596 | Slime:4  | Reached skill level 19 in Invocations
 91610 | Slime:4  | Gained mutation: Your spells are a little easier to cast,
                  | but a little less powerful. [a shining eye]
 91612 | Slime:4  | Gained mutation: You are occasionally teleported next to
                  | monsters. [a shining eye]
 91617 | Slime:4  | Gained mutation: Your body often deteriorates upon taking
                  | damage. [a shining eye]
 91619 | Slime:4  | Lost mutation: Your spells are a little easier to cast, but
                  | a little less powerful. [potion of mutation]
 91619 | Slime:4  | Lost mutation: Your body often deteriorates upon taking
                  | damage. [potion of mutation]
 91619 | Slime:4  | Gained mutation: Your magical capacity is low. (-10% MP)
                  | [potion of mutation]
 91619 | Slime:4  | Gained mutation: You have a somewhat thin skeletal
                  | structure. (Dex +2, Stealth) [potion of mutation]
 91619 | Slime:4  | Gained mutation: You passively map a small area around you.
                  | [potion of mutation]
 91620 | Slime:4  | Lost mutation: Your magical capacity is low. (-10% MP)
                  | [potion of mutation]
 91620 | Slime:4  | Lost mutation: You passively map a small area around you.
                  | [potion of mutation]
 91620 | Slime:4  | Lost mutation: Your body sometimes deteriorates upon taking
                  | damage. [potion of mutation]
 91620 | Slime:4  | Gained mutation: You are agile. (Dex +2) [potion of
                  | mutation]
 91620 | Slime:4  | Gained mutation: You are dopey. (Int -2) [potion of
                  | mutation]
 91620 | Slime:4  | Gained mutation: You are very dopey. (Int -4) [potion of
                  | mutation]
 91620 | Slime:4  | Gained mutation: You have a pair of small horns on your
                  | head. [potion of mutation]
 91621 | Slime:4  | Lost mutation: You have a pair of small horns on your head.
                  | [potion of mutation]
 91621 | Slime:4  | Lost mutation: You are agile. (Dex +2) [potion of mutation]
 91621 | Slime:4  | Gained mutation: Your flesh is cold resistant. (rC+)
                  | [potion of mutation]
 91621 | Slime:4  | Lost mutation: Your flesh is cold resistant. (rC+) [potion
                  | of mutation]
 91621 | Slime:4  | Gained mutation: You are resistant to hostile enchantments.
                  | (MR+) [potion of mutation]
 91622 | Slime:4  | Lost mutation: You are resistant to hostile enchantments.
                  | (MR+) [potion of mutation]
 91622 | Slime:4  | Lost mutation: You are very dopey. (Int -4) [potion of
                  | mutation]
 91622 | Slime:4  | Lost mutation: You are occasionally teleported next to
                  | monsters. [potion of mutation]
 91622 | Slime:4  | Gained mutation: Scrolls take you a little longer to read.
                  | [potion of mutation]
 91622 | Slime:4  | Gained mutation: You have large cloven feet. [potion of
                  | mutation]
 91623 | Slime:4  | Lost mutation: Scrolls take you a little longer to read.
                  | [potion of mutation]
 91623 | Slime:4  | Lost mutation: You are dopey. (Int -2) [potion of mutation]
 91623 | Slime:4  | Lost mutation: You have large cloven feet. [potion of
                  | mutation]
 91623 | Slime:4  | Gained mutation: You are frail. (-10% HP) [potion of
                  | mutation]
 91623 | Slime:4  | Lost mutation: You have a somewhat thin skeletal structure.
                  | (Dex +2, Stealth) [potion of mutation]
 91623 | Slime:4  | Gained mutation: You have sharp toenails. [potion of
                  | mutation]
 91741 | Slime:4  | Lost mutation: You have sharp toenails. [potion of
                  | mutation]
 91741 | Slime:4  | Lost mutation: You are frail. (-10% HP) [potion of
                  | mutation]
 91741 | Slime:4  | Gained mutation: You are partially covered in icy blue
                  | scales. (AC +2) [potion of mutation]
 91741 | Slime:4  | Gained mutation: Your mind is acute. (Int +2) [potion of
                  | mutation]
 91804 | Slime:5  | Killed the Royal Jelly
 92327 | Slime:5  | Reached skill level 20 in Invocations
 92341 | Slime:5  | Got a slimy rune of Zot
 92343 | Slime:5  | Got a brightly glowing amber ring
 92344 | Slime:5  | Identified the ring "Zitooru" {rPois rC+ Int+6 Dex-2} (You
                  | found it on level 5 of the Pits of Slime)
 92383 | Slime:5  | Identified the Grimoire of Supportive Flames
 92412 | Slime:5  | Identified the Tome of the Volcanoes and the Glacier
 92831 | Hell     | Entered the Vestibule of Hell
 92831 | Hell     | Noticed Geryon
 93099 | Hell     | Reached skill level 21 in Invocations
 93117 | Hell     | Killed Geryon
 93273 | Hell     | Found a gateway to the ashen valley of Gehenna.
 93329 | Hell     | Found a gateway to the decaying netherworld of Tartarus.
 93410 | Hell     | Found a gateway to the freezing wastes of Cocytus.
 93500 | Hell     | Found a gateway to the Iron City of Dis.
 93598 | Zig:1    | Entered Level 1 of a ziggurat
 93619 | Zig:2    | Entered Level 2 of a ziggurat
 93729 | Zig:3    | Entered Level 3 of a ziggurat
 93786 | Zig:4    | Entered Level 4 of a ziggurat
 93789 | Zig:4    | Gained mutation: You tend to lose your temper in combat. [a
                  | shining eye]
 93791 | Zig:4    | Gained mutation: Armour fits poorly on your strangely
                  | shaped body. [a shining eye]
 93796 | Zig:4    | Gained mutation: Your magical capacity is low. (-10% MP) [a
                  | shining eye]
 93820 | Zig:4    | Reached skill level 22 in Invocations
 93825 | Zig:5    | Entered Level 5 of a ziggurat
 94067 | Zig:5    | Lost mutation: Your magical capacity is low. (-10% MP)
                  | [potion of mutation]
 94067 | Zig:5    | Lost mutation: Armour fits poorly on your strangely shaped
                  | body. [potion of mutation]
 94067 | Zig:5    | Gained mutation: You are partially covered in large bone
                  | plates. (SH +4) [potion of mutation]
 94084 | Zig:6    | Entered Level 6 of a ziggurat
 94091 | Zig:6    | Noticed Agry the pandemonium lord
 94103 | Zig:6    | Killed Agry the pandemonium lord
 94193 | Zig:7    | Entered Level 7 of a ziggurat
 94199 | Zig:7    | Noticed a Killer Klown
 94200 | Zig:7    | Noticed a Killer Klown
 94220 | Zig:7    | Killed a Killer Klown
 94221 | Zig:7    | Reached skill level 23 in Invocations
 94236 | Zig:7    | Killed a Killer Klown
 94292 | Zig:7    | Identified Plog's Handbook of Frigorific Intoxication
 94445 | Zig:8    | Entered Level 8 of a ziggurat
 94687 | Zig:8    | Identified Onitesaf's Catalogue of the Mutagenic Entourage
 94697 | Zig:8    | Identified the +2 ring mail of Ru's Displeasure {rPois
                  | Regen+ Str+3} (You found it on level 8 of a ziggurat)
 94698 | Zig:8    | Identified the Handbook of Lucky Snow
 94730 | Zig:9    | Entered Level 9 of a ziggurat
 94734 | Zig:9    | Noticed a juggernaut
 94735 | Zig:9    | Noticed a juggernaut
 94735 | Zig:9    | Noticed a juggernaut
 94746 | Zig:9    | Found the +7 great mace "Firestarter" {inner flame, rF++}
 94976 | Depths:1 | Lost mutation: You tend to lose your temper in combat.
                  | [potion of mutation]
 94976 | Depths:1 | Lost mutation: You are partially covered in icy blue
                  | scales. (AC +2) [potion of mutation]
 94976 | Depths:1 | Gained mutation: You are partially covered in thin metallic
                  | scales. (AC +2) [potion of mutation]
 94976 | Depths:1 | Gained mutation: You are resistant to electric shocks.
                  | (rElec) [potion of mutation]
 94976 | Depths:1 | Gained mutation: You expend magic power (3 MP) to
                  | strengthen your wands. [potion of mutation]
 95081 | Zot:1    | Entered Level 1 of the Realm of Zot
 95861 | Zot:1    | Reached skill level 24 in Invocations
 96777 | Zot:2    | Noticed an orb of fire
 96787 | Zot:2    | Gained mutation: Armour fits poorly on your strangely
                  | shaped body. [an orb of fire]
 96788 | Zot:2    | Gained mutation: You are frail. (-10% HP) [an orb of fire]
 96790 | Zot:2    | Killed an orb of fire
 97373 | Zot:2    | Identified the amulet "Egacuhor" {Spirit MR- Int+4} (You
                  | found it on level 2 of the Realm of Zot)
 97539 | Zot:2    | Identified the Reference Book on Necromancy
 98137 | Zot:3    | Noticed a Killer Klown
 98222 | Zot:3    | Killed a Killer Klown
 98301 | Zot:3    | Reached skill level 25 in Invocations
 98391 | Zot:3    | Found a shadowy altar of Dithmenos.
 99566 | Zot:4    | Reached skill level 26 in Invocations
100381 | Zot:4    | Reached skill level 27 in Invocations
100418 | Zot:4    | Gained mutation: Your body sometimes deteriorates upon
                  | taking damage. [mutagenic glow]
100444 | Zot:4    | Gained mutation: Your magical capacity is low. (-10% MP)
                  | [mutagenic glow]
100712 | Zot:4    | Noticed a Killer Klown
100746 | Zot:4    | Killed a Killer Klown
101132 | Zot:5    | Entered Level 5 of the Realm of Zot
101134 | Zot:5    | Got a bloodstained cloak
101135 | Zot:5    | Identified the +0 cloak of the Country {MR+ Dex+3} (You
                  | acquired it on level 5 of the Realm of Zot)
101710 | Zot:5    | Noticed an ancient lich
101721 | Zot:5    | Killed an ancient lich
101868 | Zot:5    | Noticed an ancient lich
101880 | Zot:5    | HP: 3/219 [Orb Guardian (17)]
101881 | Zot:5    | HP: 1/219 [quicksilver dragon (2)]
101881 | Zot:5    | Slain by an Orb Guardian

Skill      XL: |  1  2  3  4  5  6  7  8  9 10 11 12 13 14 15 16 17 18 19 20 21 22 23 24 25 26 27 |
---------------+----------------------------------------------------------------------------------+-----
Armour         | 1 2 3 4 5 6 7 8 9 10 11 12 13 14 15 | 15.0
Long Blades    | 4 5 6 7 10 11 12 13 14 15 16 | 16.0
Fighting       | 4 5 6 7 8 9 10 11 13 14 15 16 18 19 20 21 22 25 | 25.8
Evocations     | 1 2 3 |  3.0
Invocations    | 1 4 5 7 8 10 11 12 13 15 16 27 | 27.0
Shields        | 1 4 6 8 10 12 13 14 15 | 15.0
Dodging        | 4 5 6 9 12 | 12.0
Charms         | 4 6 8 9 10 16 | 16.0
Spellcasting   | 3 5 7 8 10 13 | 13.1
Air Magic      | 5 7 9 10 16 | 16.0
Hexes          | 2 5 8 |  8.0
Translocations | 5 |  5.0
Stealth        | |  2.0

Action                   |  1- 3 |  4- 6 |  7- 9 | 10-12 | 13-15 | 16-18 | 19-21 | 22-24 | 25-27 || total
-------------------------+-------+-------+-------+-------+-------+-------+-------+-------+-------++-------
Melee: Falchion          |    94 |   232 |   105 |       |       |       |       |       |       ||   431
       Great sword       |       |       |   229 |    93 |       |       |       |       |       ||   322
       Long sword        |       |       |       |   555 |  1021 |       |       |       |       ||  1576
       Dagger            |       |       |       |       |    18 |       |       |       |       ||    18
       Double sword      |       |       |       |       |   495 |  1595 |  1594 |   939 |  3797 ||  8420
       Scimitar          |       |       |       |       |       |     6 |       |       |     3 ||     9
Throw: Stone             |       |    40 |    13 |       |       |       |       |       |       ||    53
       Javelin           |       |       |     9 |     6 |     8 |     4 |     2 |       |    13 ||    42
       Tomahawk          |       |       |       |       |       |       |       |     1 |     2 ||     3
 Cast: Infusion          |       |       |       |       |       |       |     1 |       |     2 ||     3
       Apportation       |       |       |       |       |       |       |     3 |     1 |     8 ||    12
       Spectral Weapon   |       |       |       |       |       |       |       |    45 |   188 ||   233
       Shroud of Golubri |       |       |       |       |       |       |       |     3 |    29 ||    32
       Deflect Missiles  |       |       |       |       |       |       |       |       |    11 ||    11
       Silence           |       |       |       |       |       |       |       |       |     1 ||     1
Invok: Divine Shield     |       |       |       |     1 |       |     5 |     4 |       |     3 ||    13
       Cleansing Flame   |       |       |       |       |    10 |     3 |       |       |    51 ||    64
       Brand Weapon With |       |       |       |       |     1 |       |       |       |       ||     1
       Summon Divine War |       |       |       |       |       |     1 |     3 |       |     3 ||     7
 Abil: Stop Flying       |       |       |       |       |       |     1 |       |       |     3 ||     4
       Evoke Flight      |       |       |       |       |       |     1 |       |       |     3 ||     4
Evoke: Wand              |       |       |     5 |    19 |    13 |    14 |       |       |     5 ||    56
       Lamp of fire      |       |       |       |       |       |     1 |     1 |       |     3 ||     5
  Use: Scroll            |     4 |     5 |       |     6 |    20 |    24 |     7 |     3 |    42 ||   111
       Potion            |       |       |       |     1 |     1 |    15 |     4 |     1 |    25 ||    47
 Stab: Sleeping          |     1 |       |     1 |       |       |       |       |       |       ||     2
  Eat: Chunk             |     2 |    11 |    11 |    19 |    40 |    38 |    29 |    23 |    83 ||   256
       Ration            |       |       |     1 |     1 |     4 |     6 |     4 |     2 |    12 ||    30
Armor: Robe              |    10 |       |       |       |       |       |       |       |       ||    10
       Ring mail         |    15 |    63 |    63 |       |   303 |       |       |       |       ||   444
       Troll leather arm |       |       |    74 |   126 |     2 |       |       |       |       ||   202
       Chain mail        |       |       |       |       |     7 |   185 |       |       |       ||   192
       Fire dragon scale |       |       |       |       |       |   362 |   429 |   202 |   999 ||  1992
Dodge: Dodged            |    69 |   136 |   242 |   248 |   569 |   721 |   758 |   451 |  1793 ||  4987
       Deflected         |       |       |       |       |       |       |       |       |   110 ||   110
Block: Shield            |       |       |       |   163 |   651 |  1016 |   890 |   452 |  2436 ||  5608
       Rpst.: Falchion   |    25 |    44 |    11 |       |       |       |       |       |       ||    80
       Great sword       |       |       |    59 |     8 |       |       |       |       |       ||    67
       Long sword        |       |       |       |    50 |    71 |       |       |       |       ||   121
       Double sword      |       |       |       |       |    49 |   140 |   128 |    87 |   286 ||   690
